 Dungeon Crawl Stone Soup version 0.31-a0-152-g6aa68a64a1 (webtiles) character file.

Game seed: 11156729509331768294

513 qw the Chopper (level 7, -2/43 HPs)
             Began as a Gargoyle Fighter on June 10, 2023.
             Slain by an ogre
             ... wielding a +0 giant club
              (20 damage)
             ... on level 5 of the Dungeon.
             The game lasted 00:03:36 (3676 turns).

qw the Chopper (Gargoyle Fighter)                   Turns: 3676, Time: 00:03:37

Health: -2/43      AC: 15    Str: 22    XL:     7   Next: 19%
Magic:  7/7        EV: 10    Int:  8    God:
Gold:   161        SH:  4    Dex:  9    Spells: 6/6 levels left

rFire   + . .        Y - +0 war axe
rCold   . . .        c - +0 buckler
rNeg    + . .        b - +0 scale mail
rPois   inf          g - +0 helmet {SInv}
rElec   +            i - +0 cloak
rCorr   .            (no gloves)
SInv    +            l - +0 pair of boots
Will    .....        (no amulet) Stlth
                     o - ring of protection from fire
HPRegen 0.27/turn    (no ring)
MPRegen 0.10/turn

%: no passive effects
@: no status effects
A: sickness immunity, AC +4, negative energy resistance 1, electricity
resistance, torment resistance 1, petrification resistance
a: no special abilities


You were on level 5 of the Dungeon.
You visited 1 branch of the dungeon, and saw 5 of its levels.

You collected 161 gold pieces.


Innate Abilities, Weirdness & Mutations

You are immune to sickness and miasma.
Your stone body is resilient. (AC +4)
You are immune to poison.
You resist negative energy. (rN+)
You are resistant to electric shocks. (rElec)
You are resistant to unholy torment.
You are immune to petrification.


   Skills:
 - Level 4.0 Fighting
 + Level 6.2 Axes
 - Level 3.2 Armour
 - Level 1.9 Dodging
 - Level 3.2 Shields


You had 6 spell levels left.
You didn't know any spells.
Your spell library was empty.

Inventory:

Hand Weapons
 a - a +0 flail
 Y - a +0 war axe (weapon)
Missiles
 e - 4 boomerangs (quivered)
Armour
 b - a +0 scale mail (worn)
 c - a +0 buckler (worn)
 g - a +0 helmet of see invisible (worn)
 i - a +0 cloak (worn)
 l - a +0 pair of boots (worn)
 r - an orb of guile
Jewellery
 h - a ring of ice
 o - a ring of protection from fire (left hand)
Scrolls
 p - a scroll of identify
 s - a scroll of poison {unknown}
Potions
 d - a potion of might
 f - a potion of resistance
 j - a potion of mutation {unknown}
 k - a potion of brilliance {unknown}
 m - a potion of attraction {unknown}
 n - a potion of heal wounds {unknown}
 q - a potion of curing {unknown}

Dungeon Overview and Level Annotations

Branches:
Dungeon (5/15)
 Temple: D:4-7

Altars:
Makhleb
Uskayaw

Shops:
D:4 (

Annotations:
D:4 3 runed translucent doors, qw's ghost, amateur GrFi


Message History

You slash the hound! You block the hound's attack.
The phantom hits you but does no damage.
You block the hound's attack. The ogre closely misses you.
The phantom hits you but does no damage.
You slash the phantom!
You destroy the phantom!
You miss the hound. You slash the ogre! The hound bites you.
You block the hound's attack.
Your Axes skill increases to level 6!
You have reached level 7!
You hit the hound.
The hound is almost dead.
You barely miss the ogre. You slash the ogre!
The ogre hits you with a +0 giant club! The hound barely misses you.
The ogre hits you but does no damage.
You barely miss the hound.
The hound is almost dead.
You hit the ogre. You hit the ogre but do no damage.
The hound barely misses you. x2; The ogre closely misses you.
The ogre hits you with a +0 giant club!
You barely miss the hound.
The hound is almost dead.
You slash the ogre! You hit the ogre but do no damage. The hound misses you.
The hound bites you but does no damage. The ogre hits you with a +0 giant club.
The ogre barely misses you.
You slash the hound!
You kill the hound!
You barely miss the ogre. x2
You block the adder's attack. The ogre hits you but does no damage.
You hit the ogre.
The ogre is almost dead.
You hit the adder. You closely miss the ogre.
You hear the slow rusting of a distant drain.
The adder bites you but does no damage. The ogre hits you with a +0 giant club.
You barely miss the ogre.
The ogre is almost dead.
You closely miss the adder. You slash the ogre! The ogre closely misses you.
The ogre hits you with a +0 giant club!!
You die...

#.P.PPP.P.###
#.###...........#
#.....PPPPPPP...#
##########...........#
#.....<..............##.
#.##########........>...
...............#
.####.#+#O####...#
.......@S....# #
..#.#.#SO......
#....#.####.#... ## #.#
....# ##.# .


You could see 2 ogres and 2 adders.

Vanquished Creatures
  An ogre (D:4)
  A phantom (D:5)
  2 hounds
  An orc priest (D:3)
  2 iguanas (D:4)
  An orc wizard (D:4)
  Terence (D:3)
  Robin (D:2)
  3 adders (D:4)
  4 worms
  2 dart slugs
  8 orcs
  6 ball pythons
  6 bats
  6 endoplasms
  3 giant cockroaches
  18 goblins
  9 hobgoblins
  11 jackals
  6 quokkas
  2 frilled lizards (D:1)
  9 kobolds
  A rat (D:2)
104 creatures vanquished.

Notes
Turn   | Place    | Note
-------+----------+-------------------------------------------
     0 | D:1      | qw the Gargoyle Fighter began the quest for the Orb.
     0 | D:1      | Reached XP level 1. HP: 14/14 MP: 1/1
     0 | D:1      | 0 ||| qw: Version: 0.2-a-123-gb51047a
     0 | D:1      | 0 ||| qw: Game counter: 3688
     0 | D:1      | 0 ||| qw: Always use a shield: true
     0 | D:1      | 0 ||| qw: God list: Okawaru
     0 | D:1      | 0 ||| qw: Allow faded altars: false
     0 | D:1      | 0 ||| qw: Do Orc after D:15 true
     0 | D:1      | 0 ||| qw: Do second Lair branch before Depths: true
     0 | D:1      | 0 ||| qw: Lair rune preference: random
     0 | D:1      | 0 ||| qw: Plans: Normal, Zot:1-4, Slime:5, God:TSO, Crypt,
                  | Tomb, Abyss, Pan, Hells, Win
     0 | D:1      | 0 ||| PLANNING D:1-11
    29 | D:1      | Reached skill level 2 in Axes
    91 | D:1      | Reached XP level 2. HP: 19/19 MP: 2/2
   242 | D:1      | Found a faded altar of an unknown god.
   330 | D:1      | Reached skill level 3 in Axes
   355 | D:1      | Reached XP level 3. HP: 17/23 MP: 3/3
   690 | D:1      | 690 ||| UPGRADING to +0 cloak.
   695 | D:1      | 695 ||| READING scroll labelled ZOAKEP UWNO.
   696 | D:1      | 696 ||| READING scroll labelled TIYLULERYL.
   697 | D:1      | 697 ||| READING scroll labelled AXAUNEIGILE.
   949 | D:2      | 949 ||| Stepping ~*~*~tactically~*~*~ (hiding).
  1279 | D:2      | Identified the +9 dagger "Zauggy" {flame, rCorr Int+3}
  1292 | D:2      | 1292 ||| Stepping ~*~*~tactically~*~*~ (stealth).
  1300 | D:2      | 1300 ||| Stepping ~*~*~tactically~*~*~ (stealth).
  1314 | D:2      | Reached XP level 4. HP: 28/28 MP: 4/4
  1331 | D:2      | 1331 ||| Stepping ~*~*~tactically~*~*~ (hiding).
  1332 | D:2      | 1332 ||| Stepping ~*~*~tactically~*~*~ (hiding).
  1336 | D:2      | Noticed Robin
  1338 | D:2      | Reached skill level 4 in Axes
  1345 | D:2      | Killed Robin
  1389 | D:2      | 1389 ||| Stepping ~*~*~tactically~*~*~ (hiding).
  1638 | D:2      | 1638 ||| UPGRADING to +0 helmet of see invisible.
  1643 | D:2      | 1643 ||| READING scroll labelled FYJYCU QOVINO.
  1684 | D:3      | Noticed Terence
  1692 | D:3      | Killed Terence
  1701 | D:3      | 1701 ||| DROPPING +0 whip.
  1711 | D:3      | 1711 ||| Stepping ~*~*~tactically~*~*~ (stealth).
  1713 | D:3      | 1713 ||| Stepping ~*~*~tactically~*~*~ (hiding).
  1720 | D:3      | Reached XP level 5. HP: 32/32 MP: 5/5
  1753 | D:3      | Found a burning altar of Makhleb.
  1753 | D:3      | Noticed a cacodemon
  1756 | D:3      | Noticed an orange demon
  1756 | D:3      | Noticed a neqoxec
  1806 | D:3      | 1806 ||| PLANNING D:1-11
  1806 | D:3      | 1806 ||| PLANNING D:1-11
  1806 | D:3      | 1806 ||| PLANNING D:1-11
  2044 | D:3      | 2044 ||| PLANNING D:1-11
  2241 | D:3      | Reached skill level 5 in Axes
  2871 | D:3      | 2871 ||| UPGRADING to +0 pair of boots.
  2876 | D:3      | 2876 ||| READING scroll labelled EHOCUXZ PAMM.
  2879 | D:3      | 2879 ||| READING 2 scrolls labelled RONYAG JIOF.
  2880 | D:3      | 2880 ||| READING 2 scrolls of identify.
  2880 | D:3      | 2880 ||| IDENTIFYING grey potion
  2881 | D:3      | 2881 ||| DROPPING scroll of vulnerability.
  2955 | D:4      | Noticed an ogre
  2960 | D:4      | Killed an ogre
  2961 | D:4      | Reached skill level 1 in Dodging
  2961 | D:4      | Reached XP level 6. HP: 23/38 MP: 6/6
  2961 | D:4      | 2961 ||| FLEEEEING.
  2963 | D:4      | 2963 ||| FLEEEEING.
  2964 | D:4      | 2964 ||| FLEEEEING.
  2965 | D:4      | 2965 ||| FLEEEEING.
  2966 | D:4      | 2966 ||| FLEEEEING.
  2967 | D:4      | 2967 ||| FLEEEEING.
  2968 | D:4      | 2968 ||| FLEEEEING.
  2969 | D:4      | 2969 ||| FLEEEEING.
  2970 | D:4      | 2970 ||| FLEEEEING.
  2971 | D:4      | 2971 ||| FLEEEEING.
  2973 | D:4      | 2973 ||| FLEEEEING.
  2974 | D:4      | 2974 ||| FLEEEEING.
  2975 | D:4      | 2975 ||| FLEEEEING.
  2976 | D:4      | 2976 ||| FLEEEEING.
  2977 | D:4      | 2977 ||| FLEEEEING.
  2979 | D:4      | 2979 ||| FLEEEEING.
  2980 | D:4      | 2980 ||| FLEEEEING.
  2981 | D:4      | 2981 ||| FLEEEEING.
  2982 | D:4      | 2982 ||| FLEEEEING.
  2983 | D:4      | 2983 ||| FLEEEEING.
  2984 | D:4      | 2984 ||| FLEEEEING.
  2985 | D:4      | 2985 ||| FLEEEEING.
  2986 | D:4      | 2986 ||| FLEEEEING.
  2987 | D:4      | 2987 ||| FLEEEEING.
  2990 | D:4      | 2990 ||| FLEEEEING.
  2991 | D:4      | 2991 ||| FLEEEEING.
  2992 | D:4      | 2992 ||| FLEEEEING.
  2993 | D:4      | 2993 ||| FLEEEEING.
  2994 | D:4      | 2994 ||| FLEEEEING.
  2995 | D:4      | 2995 ||| FLEEEEING.
  2996 | D:4      | 2996 ||| STAIRDANCE
  3019 | D:4      | 3019 ||| STAIRDANCE
  3114 | D:4      | 3114 ||| Stepping ~*~*~tactically~*~*~ (stealth).
  3246 | D:4      | Noticed a black bear
  3246 | D:4      | Noticed qw's ghost (amateur GrFi)
  3252 | D:4      | Found a runed translucent gate.
  3252 | D:4      | Found a runed translucent gate.
  3252 | D:4      | Found a runed translucent gate.
  3258 | D:4      | 3258 ||| Stepping ~*~*~tactically~*~*~ (stealth).
  3307 | D:4      | Found Cagok's Antique Weapon Emporium.
  3612 | D:4      | 3612 ||| UPGRADING to ring of protection from fire.
  3630 | D:5      | Entered Level 5 of the Dungeon
  3631 | D:5      | 3631 ||| PLANNING SEWER
  3640 | D:5      | Found a hide-covered altar of Uskayaw.
  3662 | D:5      | 3662 ||| Stepping ~*~*~tactically~*~*~ (stealth).
  3671 | D:5      | Reached skill level 6 in Axes
  3671 | D:5      | Reached XP level 7. HP: 42/43 MP: 7/7
  3676 | D:5      | Slain by an ogre

Levels and vault maps discovered:
D:1:      wander_arrival_lonely_grave, layout_basic,
          hellmonk_ecumenical_altar_blasted
D:2:      layout_basic, kennysheep_cross_room, uniq_robin
D:3:      layout_basic, makhleb_altar_promises_db, serial_co_window_serial,
          co_window_paths_b, co_window_paths_a, co_window_corner_a,
          co_window_corner_a, co_window_corner_a, co_window_2corner,
          co_window_cross_3, co_window_corner_ca, co_window_broadway_a,
          co_window_corner_cb, glass_columns_a, glass_columns_a,
          glass_columns_a, grunt_ministairs_4, uniq_terence
D:4:      layout_loops_cross, serial_shops, shop, gammafunk_ghost_split
D:5:      layout_basic, mainiacjoe_overflow_cross_hatched,
          mainiacjoe_overflow_boulevard, portal_sewer_entry_e,
          minmay_fractal_squares_5, uniq_edmund, uniq_pikel, uniq_menkaure

Skill      XL: |  1  2  3  4  5  6 |
---------------+-------------------+-----
Axes           | 2 3 4 5 6 |  6.2
Fighting       | 4 |  4.0
Dodging        | 1 |  1.9
Armour         | |  3.2
Shields        | |  3.2

Action                     |  1- 3 |  4- 6 |  7- 9 || total
---------------------------+-------+-------+-------++-------
  Melee: War axe           |   124 |   170 |     6 ||   300
  Throw: Boomerang         |       |    37 |       ||    37
    Use: Scroll            |     3 |     4 |       ||     7
 Armour: Scale mail        |    50 |    75 |     4 ||   129
  Dodge: Dodged            |    60 |    72 |     7 ||   139
  Block: Buckler           |    18 |    30 |     1 ||    49

Table legend:
 A = Non-vault XP
 B = Vault XP
 C = Vault XP percentage of total XP
 D = Non-vault monster count
 E = Vault monster count
 F = Vault count percentage of total count
                 A         B        C        D         E       F
            +---------+---------+-------+---------+---------+-------
      Total |     552 |     181 |  24.7 |      87 |      17 |  16.3
            +---------+---------+-------+---------+---------+-------
        D:1 |      49 |       0 |   0.0 |      28 |       0 |   0.0
        D:2 |      30 |      39 |  56.5 |      15 |      13 |  46.4
        D:3 |      83 |      39 |  32.0 |      17 |       3 |  15.0
        D:4 |     346 |       0 |   0.0 |      25 |       0 |   0.0
        D:5 |      44 |     103 |  70.1 |       2 |       1 |  33.3
            +---------+---------+-------+---------+---------+-------
